 Dungeon Crawl Stone Soup version 0.21.0-25-ge575cb9 (webtiles) character file.

6402 Moloch the Spear-Bearer (level 10, -4/79 HPs)
             Began as a Mummy Fighter on Jan 22, 2018.
             Was a High Priest of Okawaru.
             Slain by a killer bee (5 damage)
             ... on level 9 of the Dungeon.
             The game lasted 00:22:30 (10899 turns).

Moloch the Spear-Bearer (Mummy Fighter)            Turns: 10899, Time: 00:22:31

Health: -4/79      AC: 18    Str: 20    XL:     10   Next: 66%
Magic:  6/10       EV:  8    Int:  8    God:    Okawaru [*****.]
Gold:   166        SH:  0    Dex: 14    Spells: 9/9 levels left

rFire    . . .     SeeInvis .   b - +0 halberd (flame)
rCold    + . .     Gourm    .   (shield currently unavailable)
rNeg     + + +     Faith    .   s - +0 plate armour
rPois    ∞         Spirit   .   m - +1 helmet
rElec    +         Reflect  .   (no cloak)
rCorr    .         Harm     .   h - +0 pair of gloves
MR       +....                  r - +0 pair of boots
Stlth    ..........             (no amulet)
HPRegen  0.23/turn              (no ring)
MPRegen  0.12/turn              B - ring of Winter {rElec rF+ Stlth+}

@: heroism
A: no food or potions, fire vulnerability, cold resistance 1, negative energy
resistance 3, torment resistance, unbreathing
a: Heroism, Finesse, Renounce Religion


You were on level 9 of the Dungeon.
You worshipped Okawaru.
Okawaru was extremely pleased with you.
You were not hungry.

You visited 1 branch of the dungeon, and saw 10 of its levels.

You collected 628 gold pieces.
You spent 462 gold pieces at shops.

Inventory:

Hand Weapons
 a - a +0 trident
 b - a +0 halberd of flaming (weapon)
 z - a +0 glaive
Missiles
 p - 2 throwing nets (quivered)
 t - 4 tomahawks of returning
 H - 5 poisoned javelins
Armour
 c - a +0 shield
 h - a +0 pair of gloves (worn)
 m - a +1 helmet (worn)
 r - a +0 pair of boots (worn)
 s - a +0 plate armour (worn)
Jewellery
 d - an uncursed ring of ice
 o - an uncursed ring of flight
 x - an uncursed ring of teleportation
 B - the ring of Winter (right hand) {rElec rF+ Stlth+}
   (You bought it in a shop on level 7 of the Dungeon)

   [ring of stealth]

   It protects you from fire.
   It insulates you from electricity.
   It makes you more stealthy.
Wands
 i - a wand of clouds (1)
 w - a wand of random effects (30)
 y - a wand of digging (11)
 A - a wand of enslavement (12)
 D - a wand of paralysis (6)
 G - a wand of scattershot (6)
Scrolls
 e - a scroll of fog
 f - 3 scrolls of fear
 g - a scroll of remove curse
 k - 5 scrolls of enchant armour
 n - 2 scrolls of magic mapping
 q - 2 scrolls of enchant weapon
 u - 3 scrolls of teleportation
 v - a scroll of blinking
 C - a scroll of summoning
 E - a scroll of immolation


   Skills:
 + Level 7.1(12.1) Fighting
 * Level 12.3(17.3) Polearms
 - Level 2.4(7.4) Armour
 - Level 2.4(7.4) Shields


You had 9 spell levels left.
You didn't know any spells.

Dungeon Overview and Level Annotations

Branches:
Dungeon (10/15)            Temple (0/1) D:4
   Lair: D:8-11         Orc: D:9-12

Altars:
Ashenzari
Cheibriados
Dithmenos
Fedhas
Gozag
Nemelex Xobeh
Okawaru
Ru
Trog
Vehumet
Wu Jian
Xom
The Shining One

Shops:
D:7 =   D:8 }


Innate Abilities, Weirdness & Mutations

You do not eat or drink.
Your flesh is vulnerable to fire.
You are immune to poison.
Your flesh is cold resistant. (rC+)
You are immune to negative energy. (rN+++)
You are immune to unholy pain and torment.
You can survive without breathing.


Message History

You feel like a meek peon again.
The killer bee stings you but does no damage. x3
You gain the combat prowess of a mighty hero.
The killer bee stings you but does no damage.
The killer bee stings you.
* * * LOW HITPOINT WARNING * * *
The killer bee stings you.
* * * LOW HITPOINT WARNING * * *
The killer bee closely misses you.
You closely miss the killer bee.
The killer bee is almost dead.
The killer bee stings you.
* * * LOW HITPOINT WARNING * * *
The killer bee barely misses you.
You barely miss the killer bee.
The killer bee is almost dead.
The killer bee stings you.
* * * LOW HITPOINT WARNING * * *
The killer bee stings you.
You die...

# # #
#############
######...........#
'([..#...........#
####.'...........#
# ###...........#
# #..........y#
#.........y@# #
###.....##### #
#######...## #
##..........# #
#...........#
#####...........#
....#.....!.....#
................#
....##..........#


You could see 2 killer bees.

Vanquished Creatures
  Erica (D:8)
  A deep elf mage (D:7)
  A troll (D:9)
  2 hippogriffs
  A spriggan (D:9)
  A wyvern (D:8)
  A hungry ghost (D:8)
  Edmund (D:6)
  Duvessa (D:4)
  An orc warrior (D:6)
  3 black bears
  An ice beast (D:7)
  2 sky beasts
  6 centaurs
  An ogre (D:4)
  2 big kobolds
  A bullfrog (D:8)
  Dowan (D:4)
  5 killer bees
  4 scorpions
  4 wights
  8 crimson imps
  10 howler monkeys
  A centaur zombie (D:8)
  A bullfrog zombie (D:8)
  A bullfrog skeleton (D:9)
  5 orc priests
  5 hounds
  A gnoll shaman (D:6)
  A centaur skeleton (D:4)
  5 iguanas
  2 jellies
  Jessica (D:3)
  6 orc wizards
  3 worker ants
  Robin (D:2)
  12 gnolls
  A howler monkey skeleton (D:6)
  13 adders
  A shadow imp (D:9)
  An ooze (D:4)
  An adder skeleton (D:4)
  A worm (D:3)
  6 dart slugs
  5 leopard geckos
  31 orcs
  2 ball pythons
  7 bats
  2 giant cockroaches
  19 goblins
  9 hobgoblins
  14 jackals
  27 kobolds
  A quokka (D:9)
  7 frilled lizards
  A jackal zombie (D:5)
  A quokka zombie (D:6)
  8 rats
  A plant (D:3)
263 creatures vanquished.

Vanquished Creatures (others)
  An orc (D:6)
1 creature vanquished.

Grand Total: 264 creatures vanquished

Notes
Turn   | Place    | Note
-------+----------+-------------------------------------------
     0 | D:1      | Moloch the Mummy Fighter began the quest for the Orb.
     0 | D:1      | Reached XP level 1. HP: 18/18 MP: 1/1
    69 | D:1      | Reached skill level 2 in Polearms
    69 | D:1      | Reached XP level 2. HP: 24/24 MP: 2/2
   558 | D:1      | Reached XP level 3. HP: 27/29 MP: 3/3
   886 | D:1      | Reached skill level 3 in Polearms
  1122 | D:2      | Reached XP level 4. HP: 30/35 MP: 4/4
  1421 | D:2      | Found an iron altar of Okawaru.
  1460 | D:2      | Became a worshipper of Warmaster Okawaru
  1837 | D:2      | Found an ornate altar of the Wu Jian Council.
  1982 | D:3      | Reached XP level 5. HP: 38/42 MP: 5/5
  2053 | D:3      | Reached skill level 4 in Polearms
  2079 | D:3      | Noticed Robin
  2125 | D:2      | Killed Robin
  2193 | D:3      | Found a shimmering altar of Xom.
  2193 | D:3      | Found an opulent altar of Gozag.
  2306 | D:3      | Noticed Jessica
  2313 | D:3      | Killed Jessica
  2519 | D:3      | Reached XP level 6. HP: 48/48 MP: 6/6
  2777 | D:2      | Reached skill level 5 in Polearms
  3637 | D:4      | Found a sparkling altar of Nemelex Xobeh.
  3684 | D:4      | Reached * piety under Okawaru
  3921 | D:4      | Found a staircase to the Ecumenical Temple.
  3999 | D:4      | Reached XP level 7. HP: 40/54 MP: 7/7
  4234 | D:4      | Reached skill level 6 in Polearms
  4804 | D:5      | Entered Level 5 of the Dungeon
  4815 | D:5      | Noticed Duvessa
  4815 | D:5      | Noticed Dowan
  4844 | D:4      | Killed Duvessa
  4865 | D:4      | Killed Dowan
  5114 | D:5      | Reached skill level 7 in Polearms
  5143 | D:5      | Reached ** piety under Okawaru
  5303 | D:5      | Reached XP level 8. HP: 60/61 MP: 8/8
  5395 | D:5      | Found a blossoming altar of Fedhas.
  5816 | D:6      | Reached skill level 5 in Fighting
  5816 | D:6      | Reached skill level 8 in Polearms
  5839 | D:6      | Noticed Edmund
  5852 | D:6      | Killed Edmund
  5908 | D:6      | Found a radiant altar of Vehumet.
  6457 | D:6      | Reached *** piety under Okawaru
  6457 | D:6      | Reached skill level 9 in Polearms
  7244 | D:7      | Reached XP level 9. HP: 68/68 MP: 9/9
  7576 | D:7      | Noticed a deep elf mage
  7593 | D:7      | Killed a deep elf mage
  7593 | D:7      | Reached **** piety under Okawaru
  7593 | D:7      | Reached skill level 10 in Polearms
  7859 | D:7      | Found Byafarch's Jewellery Boutique.
  7865 | D:7      | Bought the ring of Winter {rElec rF+ Stlth+} for 462 gold pieces
  8027 | D:7      | Found a shattered altar of Ashenzari.
  8027 | D:7      | Found a glowing golden altar of the Shining One.
  8049 | D:7      | Paralysed by a crimson imp for 7 turns
  8060 | D:7      | Paralysed by a crimson imp for 2 turns
  8066 | D:7      | Paralysed by a crimson imp for 7 turns
  8125 | D:7      | Found a shadowy altar of Dithmenos.
  8634 | D:8      | Noticed Erica
  8642 | D:8      | Killed Erica
  8642 | D:8      | Reached skill level 11 in Polearms
  8757 | D:8      | Reached ***** piety under Okawaru
  8757 | D:8      | Reached XP level 10. HP: 72/77 MP: 10/10
  9713 | D:8      | Found Itaqai Izirgh's Gadget Shoppe.
  9983 | D:9      | Received a gift from Okawaru
 10139 | D:9      | Found a sacrificial altar of Ru.
 10200 | D:9      | Reached skill level 12 in Polearms
 10505 | D:9      | Found a snail-covered altar of Cheibriados.
 10619 | D:9      | Found a bloodstained altar of Trog.
 10805 | D:10     | Entered Level 10 of the Dungeon
 10899 | D:9      | HP: 1/79 [killer bee (5)]
 10899 | D:9      | Slain by a killer bee

Skill      XL: |  1  2  3  4  5  6  7  8  9 10 |
---------------+-------------------------------+-----
Polearms       | 2 3 4 5 7 9 11 12 | 12.3
Fighting       | 4 5 6 7 |  7.1
Armour         | |  2.4
Shields        | |  2.4

Action                   |  1- 3 |  4- 6 |  7- 9 | 10-12 || total
-------------------------+-------+-------+-------+-------++-------
Melee: Trident           |   138 |   158 |       |       ||   296
       Halberd           |       |   208 |   365 |   265 ||   838
Invok: Heroism           |       |       |     4 |     4 ||     8
Evoke: Wand              |       |       |    14 |     2 ||    16
  Use: Scroll            |       |       |     8 |     5 ||    13
 Stab: Paralysed         |       |       |       |     3 ||     3
Armor: Scale mail        |    54 |    69 |       |       ||   123
       Chain mail        |       |    20 |       |       ||    20
       Plate armour      |       |   154 |   237 |   218 ||   609
Dodge: Dodged            |    33 |   115 |    75 |    95 ||   318
Block: Shield            |    46 |    75 |       |       ||   121
